 Dungeon Crawl Stone Soup version 0.28.0-53-g5a82cb258f (webtiles) character file.

Game seed: 9746871568426853064

182 H0rd4k the Charlatan (level 5, -1/37 HPs)
             Began as a Human Artificer on June 23, 2022.
             Slain by a frilled lizard (3 damage)
             ... on level 3 of the Dungeon.
             The game lasted 00:02:31 (3178 turns).

H0rd4k the Charlatan (Human Artificer)              Turns: 3178, Time: 00:02:33

Health: -1/37      AC:  4    Str: 12    XL:     5   Next: 93%
Magic:  5/5        EV: 11    Int: 14    God:
Gold:   110        SH:  0    Dex: 13    Spells: 4/4 levels left

rFire   + . .      SeeInvis .   a - +0 club
rCold   . . .      Faith    .   (no shield)
rNeg    . . .      Spirit   .   b - +0 leather armour
rPois   .          Reflect  .   o - +0 helmet
rElec   .          Harm     .   (no cloak)
rCorr   .          Rampage  .   (no gloves)
Will    .....                   (no boots)
Stlth   +.........              (no amulet)
HPRegen 0.12/turn               k - ring of protection from fire
MPRegen 0.09/turn               (no ring)

@: mighty
A: no striking features
a: no special abilities


You were on level 3 of the Dungeon.
You visited 1 branch of the dungeon, and saw 3 of its levels.

You collected 110 gold pieces.

Inventory:

Hand Weapons
 a - a +0 club (weapon)
Armour
 b - a +0 leather armour (worn)
 o - a +0 helmet (worn)
Jewellery
 k - a ring of protection from fire (left hand)
Wands
 d - a wand of charming (3)
 n - a wand of digging (4)
Scrolls
 g - 2 scrolls of enchant armour {unknown}
 h - 3 scrolls of blinking {unknown}
 i - a scroll of torment {unknown}
 l - 2 scrolls of identify {unknown}
 m - a scroll of teleportation {unknown}
Potions
 f - a potion of brilliance {unknown}
 j - a potion of might
Miscellaneous
 e - a piece from Xom's chessboard (15/15)


   Skills:
 + Level 1.5 Fighting
 + Level 2.3 Maces & Flails
 - Level 2.0 Armour
 + Level 2.0 Dodging
 - Level 1.0 Stealth
 + Level 4.9 Evocations


You had 4 spell levels left.
You didn't know any spells.
Your spell library contained the following spells:

 Spells                   Type           Power      Damage    Failure   Level
 Shock                    Conj/Air       0%         1d3       36%         1
 Swiftness                Air            0%         N/A       73%         3
 Airstrike                Air            0%         N/A       98%         4


Dungeon Overview and Level Annotations

Branches:
Dungeon (3/15)

Altars:
Ashenzari

Annotations:
D:2 Terence


Message History

You closely miss the kobold.
The kobold is severely wounded.
The ball python bites you. The ball python constricts you.
The frilled lizard bites you but does no damage.
The kobold completely misses you.
The ball python bites you but does no damage.
The ball python constricts you.
You barely miss the kobold.
The kobold is severely wounded.
The frilled lizard barely misses you.
The kobold hits you with a +0 short sword.
* * * LOW HITPOINT WARNING * * *
The ball python bites you but does no damage.
The ball python constricts you.
You hit the kobold but do no damage.
The kobold is severely wounded.
The frilled lizard completely misses you.
The kobold hits you with a +0 short sword.
* * * LOW HITPOINT WARNING * * *
The ball python bites you but does no damage.
The ball python constricts you.
* * * LOW HITPOINT WARNING * * *
The frilled lizard barely misses you. The kobold hits you but does no damage.
The ball python barely misses you. The ball python constricts you.
* * * LOW HITPOINT WARNING * * *
You hit the kobold.
You kill the kobold!
The ball python bites you.
* * * LOW HITPOINT WARNING * * *
The ball python constricts you.
* * * LOW HITPOINT WARNING * * *
The frilled lizard closely misses you.
You escape the ball python's grasp.
The frilled lizard bites you.
* * * LOW HITPOINT WARNING * * *
It was a potion of might.
You feel very mighty all of a sudden. The ball python barely misses you.
The ball python misses you. The frilled lizard bites you.
You die...

...#....#........# #........
........#...†....# #........
...(..#..........# #........
...##...#.#......# #........
... #...#.#......# #........
.................###........
..#....................#
#..............l..)..#.#
#.............@S.......#
+....................###
#.......##+#.........#
#.......# #........$#
###########


You could see a ball python and a frilled lizard.

Vanquished Creatures
  A scorpion (D:3)
  Jessica (D:2)
  An iguana (D:3)
  A gnoll (D:2)
  An adder (D:2)
  An endoplasm (D:1)
  A giant cockroach (D:1)
  5 goblins
  2 hobgoblins
  2 quokkas
  4 ball pythons
  A bat (D:1)
  3 frilled lizards (D:1)
  4 kobolds
  3 rats (D:1)
31 creatures vanquished.

Vanquished Creatures (collateral kills)
  A gnoll (D:2)
  A kobold (D:3)
  3 ball pythons
5 creatures vanquished.

Vanquished Creatures (others)
  2 gnolls (D:2)
  2 adders
  A goblin (D:2)
  A plant (D:1)
6 creatures vanquished.

Grand Total: 42 creatures vanquished

Notes
Turn   | Place    | Note
-------+----------+-------------------------------------------
     0 | D:1      | H0rd4k the Human Artificer began the quest for the Orb.
     0 | D:1      | Reached XP level 1. HP: 15/15 MP: 1/1
   121 | D:1      | Found a faded altar of an unknown god.
   470 | D:1      | Reached XP level 2. HP: 18/21 MP: 2/2
  1262 | D:2      | Noticed Jessica
  1281 | D:2      | Reached XP level 3. HP: 26/26 MP: 3/3
  1285 | D:2      | Killed Jessica
  1286 | D:2      | Reached skill level 1 in Maces & Flails
  1286 | D:2      | Reached skill level 4 in Evocations
  1286 | D:2      | Reached XP level 4. HP: 26/32 MP: 4/4
  1575 | D:2      | Found a broken altar of Ashenzari.
  1606 | D:2      | Noticed Terence
  2371 | D:3      | Noticed a scorpion
  2374 | D:3      | Killed a scorpion
  2375 | D:3      | Reached XP level 5. HP: 37/37 MP: 5/5
  2795 | D:3      | HP: 1/37 [constriction (1)]
  3178 | D:3      | Slain by a frilled lizard

Illustrated notes

Levels and vault maps discovered:
D:1:      zaba_arrival_water, layout_basic, dreamdust_ecumenical_altar_grove,
          minmay_misc_feat_tiny
D:2:      layout_loops_ring, basic_altar, hex_large, uniq_terence, uniq_jessica
D:3:      layout_basic

Skill      XL: |  1  2  3  4  5 |
---------------+----------------+-----
Maces & Flails | 1 2 |  2.3
Evocations     | 4 |  4.9
Dodging        | 2 |  2.0
Fighting       | |  1.5
Armour         | |  2.0
Stealth        | |  1.0

Action                   |  1- 3 |  4- 6 || total
-------------------------+-------+-------++-------
Melee: Club              |    57 |    65 ||   122
Evoke: Wand              |     6 |    21 ||    27
  Use: Potion            |       |     1 ||     1
 Stab: Sleeping          |     2 |     1 ||     3
Armor: Leather armour    |    22 |    32 ||    54
Dodge: Dodged            |    37 |    62 ||    99
